 Dungeon Crawl Stone Soup version 0.21-a0-140-g479285b (webtiles) character file.

3915 kuniqs the Covert (level 10, 0/50 HPs)
             Began as a Deep Elf Fire Elementalist on July 21, 2017.
             Was an Elder of Kikubaaqudgha.
             Slain by an orc
             ... wielding a +0 dagger
              (4 damage)
             ... on level 8 of the Dungeon.
             The game lasted 00:14:58 (8828 turns).

kuniqs the Covert (Deep Elf Fire Elementalist)      Turns: 8828, Time: 00:14:59

Health: 0/50       AC:  3    Str:  5    XL:     10   Next: 1%
Magic:  19/32      EV: 13    Int: 24    God:    Kikubaaqudgha [****..]
Gold:   283        SH:  0    Dex: 15    Spells: 4/24 levels left

rFire    . . .     SeeInvis .   H - staff of conjuration
rCold    . . .     Gourm    .   (no shield)
rNeg     . . .     Faith    .   a - +1 robe
rPois    .         Spirit   .   (no helmet)
rElec    .         Reflect  .   (no cloak)
rCorr    .         Harm     .   (no gloves)
MR       +....                  (no boots)
Stlth    ++++......             (no amulet)
HPRegen  0.16/turn              v - ring of magical power
MPRegen  0.23/turn              p - ring of wizardry

@: no status effects
A: no striking features
a: Receive Corpses, Renounce Religion


You were on level 8 of the Dungeon.
You worshipped Kikubaaqudgha.
Kikubaaqudgha was greatly pleased with you.
You were hungry.

You visited 2 branches of the dungeon, and saw 9 of its levels.
You also visited: Ossuary.

You collected 283 gold pieces.

Inventory:

Hand Weapons
 o - a +4 dagger
Armour
 a - a +1 robe (worn)
Magical Staves
 H - an uncursed staff of conjuration (weapon)
Jewellery
 p - a ring of wizardry (right hand)
 t - an uncursed ring of poison resistance
 v - a ring of magical power (left hand)
Wands
 B - a wand of paralysis (17/24)
 J - a wand of paralysis (9/24)
 L - a wand of disintegration (8/24)
Scrolls
 c - 2 scrolls of enchant armour
 j - a scroll of amnesia
 k - a scroll of magic mapping
 l - 3 scrolls of enchant weapon
 r - 2 scrolls of recharging
 w - a scroll of teleportation
 x - a scroll of fear
 y - a scroll of acquirement {unknown}
 z - a scroll of immolation
 G - 3 scrolls of identify {@r1}
 K - a scroll of blinking {unknown}
 N - a scroll of remove curse {@r2}
Potions
 g - 2 potions of heal wounds
 i - a potion of curing {@q1}
 m - 3 potions of haste
 n - 4 potions of cancellation
 s - a potion of ambrosia {unknown}
 u - 4 potions of flight
 A - a potion of invisibility {unknown}
 D - a potion of brilliance
 E - a potion of degeneration {unknown}
 F - a potion of mutation {unknown}
 M - a potion of magic {unknown}
Books
 b - a book of Flames

   Spells                             Type                      Level
   a - Flame Tongue                   Conjuration/Fire             1
   b - Throw Flame                    Conjuration/Fire             2
   c - Conjure Flame                  Conjuration/Fire             3
   d - Inner Flame                    Hexes/Fire                   3
   e - Sticky Flame                   Conjuration/Fire             4
   f - Fireball                       Conjuration/Fire             5
 q - Kikubaaqudgha's Collected Works on Sinister Rituals
   (Kikubaaqudgha gifted it to you on level 4 of the Dungeon)

   Spells                             Type                      Level
   a - Animate Skeleton               Necromancy                   1
   b - Corpse Rot                     Necromancy                   2
   c - Sublimation of Blood           Necromancy                   2
   d - Regeneration                   Charms/Necromancy            3
   e - Control Undead                 Necromancy                   4
 C - Kikubaaqudgha's Papyrus of Sinister Magic
   (Kikubaaqudgha gifted it to you in an ossuary)

   Spells                             Type                      Level
   a - Excruciating Wounds            Charms/Necromancy            5
   b - Bolt of Draining               Conjuration/Necromancy       5
   c - Cigotuvi's Embrace             Necromancy                   5
   d - Dispel Undead                  Necromancy                   5
   e - Death Channel                  Necromancy                   6
Comestibles
 d - 4 bread rations
 e - 3 meat rations
 f - 6 fruits
 h - 4 royal jellies
 I - a chunk of flesh


   Skills:
 - Level 2.4 Dodging
 + Level 8.2 Stealth
 + Level 7.9 Spellcasting
 + Level 6.3 Conjurations
 + Level 7.4 Hexes
 + Level 6.3 Necromancy
 + Level 7.2 Fire Magic
 + Level 2.9 Evocations


You had 4 spell levels left.
You knew the following spells:

 Your Spells              Type           Power        Failure   Level  Hunger
a - Flame Tongue          Conj/Fire      #####        1%          1    None
b - Throw Flame           Conj/Fire      ######       1%          2    None
c - Conjure Flame         Conj/Fire      ######..     1%          3    None
d - Sticky Flame          Conj/Fire      ######..     1%          4    ##.....
e - Corpse Rot            Necr           N/A          1%          2    None
f - Fireball              Conj/Fire      ######....   4%          5    #####..
o - Confuse               Hex            #####...     1%          3    None


Dungeon Overview and Level Annotations

Branches:
Dungeon (8/15)             Temple (1/1) D:4
   Lair: D:8-11

Altars:
Cheibriados
Fedhas
Kikubaaqudgha
Makhleb
Sif Muna
Trog


Message History

The orc warrior burns!
The orc warrior hits you with a mace!
* * * LOW HITPOINT WARNING * * *
Aim: an orc warrior, wielding a mace and wearing a chain mail (heavily wounded, covered in liquid flames)
You feel a surge of power!
The puff of flame hits the orc warrior.
The orc warrior burns!
The orc warrior stops burning.
The orc warrior hits you with a mace!
* * * LOW HITPOINT WARNING * * *
An orc comes into view. It is wielding a dagger.
Aim: an orc warrior, wielding a mace and wearing a chain mail (severely wounded)
You feel a surge of power!
The puff of flame hits the orc warrior.
You kill the orc warrior!
Kikubaaqudgha accepts your kill.
You have reached level 10!
The orc hits you with a dagger.
* * * LOW HITPOINT WARNING * * *
Aim: an orc, wielding a dagger You feel a surge of power!
The puff of flame hits the orc.
The orc hits you with a dagger.
You die...
Kikubaaqudgha rasps: "You have failed me!
Welcome... death!"

.......## .#.#
.........##.#.#
..........#.#.#
...........#.##
..............
#....(...#.#
#.....#.#<#
#..(.o...#
#.<#@#.#.#
#..#)#...# .
^)..#.##..###....
♣.#..#......)).)..
≈..####..#.>##.##..
^.. #..##.# # .≈.
##.##.# #.# ####.#
...


You could see an orc.

Vanquished Creatures
  The ghost of kuniqs the Sneak, a novice DEFE (D:5)
  Grinder (D:5)
  Eustachio (D:5)
  A hungry ghost (D:7)
  An ice beast (D:7)
  3 sky beasts
  2 orc warriors
  A phantom (D:4)
  6 ogres
  2 centaurs
  A crocodile (D:7)
  Blork the orc (D:5)
  5 bullfrogs
  A scorpion (D:6)
  3 wights (D:8)
  A howler monkey (D:3)
  An electric eel (D:7)
  A lava snake (D:7)
  A crimson imp (D:6)
  5 orc wizards
  A centaur zombie (D:7)
  4 hounds
  5 orc priests
  3 jellies
  2 iguanas
  10 worker ants
  A big kobold zombie (Ossuary)
  A hound skeleton (D:7)
  A howler monkey zombie (D:5)
  2 mummies (Ossuary)
  A worker ant zombie (D:6)
  9 adders
  A shadow imp (D:6)
  4 adder zombies (Ossuary)
  2 worms
  A dart slug (D:2)
  5 leopard geckos
  20 orcs
  A ball python (D:1)
  5 bats
  6 giant cockroaches
  10 goblins
  4 hobgoblins
  21 jackals
  3 quokkas
  6 frilled lizards
  6 gnoll zombies (Ossuary)
  6 hobgoblin zombies (Ossuary)
  7 kobolds
  5 kobold zombies (Ossuary)
  A leopard gecko skeleton (D:4)
  3 orc zombies (Ossuary)
  6 rats
202 creatures vanquished.

Notes
Turn   | Place    | Note
-------+----------+-------------------------------------------
     0 | D:1      | kuniqs the Deep Elf Fire Elementalist began the quest for the Orb.
     0 | D:1      | Reached XP level 1. HP: 10/10 MP: 6/6
     2 | D:1      | Noticed a tengu
     3 | D:1      | Noticed a dwarf
     5 | D:1      | Noticed a vine stalker
     5 | D:1      | Noticed a demonspawn
     9 | D:1      | Noticed a minotaur
     9 | D:1      | Noticed a demigod
    11 | D:1      | Noticed a vampire
    11 | D:1      | Noticed a draconian
    13 | D:1      | Noticed a gargoyle
    13 | D:1      | Noticed a human
    15 | D:1      | Noticed a spriggan
    15 | D:1      | Noticed a ghoul
    17 | D:1      | Noticed a centaur
    17 | D:1      | Noticed a felid
    19 | D:1      | Noticed an octopode
    21 | D:1      | Noticed a formicid
    21 | D:1      | Noticed a merfolk
    23 | D:1      | Noticed a naga
    25 | D:1      | Noticed a troll
    25 | D:1      | Noticed a halfling
    27 | D:1      | Noticed an elf
    27 | D:1      | Noticed an ogre
   153 | D:1      | Reached XP level 2. HP: 15/15 MP: 6/8
   289 | D:1      | Reached skill level 3 in Stealth
   526 | D:1      | Learned a level 2 spell: Throw Flame
   952 | D:2      | Reached XP level 3. HP: 18/19 MP: 4/9
   969 | D:2      | Learned a level 3 spell: Conjure Flame
  1195 | D:2      | Found an ancient bone altar of Kikubaaqudgha.
  1298 | D:2      | Became a worshipper of Kikubaaqudgha
  1632 | D:2      | Found a burning altar of Makhleb.
  1637 | D:2      | Reached skill level 4 in Stealth
  1637 | D:2      | Reached skill level 1 in Necromancy
  1637 | D:2      | Reached XP level 4. HP: 9/24 MP: 4/11
  1782 | D:2      | Learned a level 3 spell: Confuse
  1813 | D:2      | Found a bloodstained altar of Trog.
  2399 | D:3      | Reached skill level 1 in Hexes
  2679 | D:4      | Reached XP level 5. HP: 10/28 MP: 4/12
  3033 | D:4      | Noticed a sky beast
  3182 | D:4      | Killed a sky beast
  3182 | D:4      | Reached XP level 6. HP: 32/32 MP: 6/14
  3188 | D:4      | Learned a level 4 spell: Sticky Flame
  3410 | D:4      | Reached * piety under Kikubaaqudgha
  3410 | D:4      | Identified Kikubaaqudgha's Collected Works on Sinister Rituals (Kikubaaqudgha gifted it to you on level 4 of the Dungeon)
  3410 | D:4      | Received a gift from Kikubaaqudgha
  3560 | D:4      | Reached skill level 5 in Stealth
  3683 | D:4      | Reached XP level 7. HP: 36/36 MP: 3/16
  3772 | D:4      | Learned a level 2 spell: Corpse Rot
  3791 | D:4      | Reached skill level 5 in Fire Magic
  4036 | D:4      | Reached skill level 5 in Spellcasting
  4328 | D:4      | Found a staircase to the Ecumenical Temple.
  4405 | Temple   | Entered the Ecumenical Temple
  4841 | D:5      | Entered Level 5 of the Dungeon
  4853 | D:5      | Noticed kuniqs's ghost (novice DEFE)
  4865 | D:5      | Killed kuniqs's ghost
  4865 | D:5      | Reached skill level 6 in Stealth
  4865 | D:5      | Reached XP level 8. HP: 18/41 MP: 6/18
  4875 | D:5      | Noticed Eustachio
  5058 | D:5      | Reached skill level 5 in Hexes
  5073 | D:5      | Reached ** piety under Kikubaaqudgha
  5218 | D:5      | Killed Eustachio
  5382 | D:5      | Learned a level 5 spell: Fireball
  5434 | D:5      | Reached skill level 5 in Conjurations
  5463 | D:5      | Noticed Blork the orc
  5522 | D:5      | Killed Blork the orc
  5522 | D:5      | Reached skill level 5 in Necromancy
  5533 | D:5      | Noticed Grinder
  5699 | D:5      | Killed Grinder
  5822 | D:5      | Found a snail-covered altar of Cheibriados.
  5984 | D:5      | Reached skill level 7 in Stealth
  5984 | D:5      | Reached XP level 9. HP: 45/45 MP: 21/21
  6164 | D:6      | Found a sand-covered staircase.
  6168 | Ossuary  | Entered an ossuary
  6383 | Ossuary  | Reached *** piety under Kikubaaqudgha
  6383 | Ossuary  | Identified Kikubaaqudgha's Papyrus of Sinister Magic (Kikubaaqudgha gifted it to you in an ossuary)
  6383 | Ossuary  | Received a gift from Kikubaaqudgha
  6609 | D:6      | Reached skill level 1 in Evocations
  6882 | D:6      | Found a deep blue altar of Sif Muna.
  7113 | D:6      | Noticed a deep elf mage
  7953 | D:7      | Reached **** piety under Kikubaaqudgha
  8070 | D:7      | Reached skill level 8 in Stealth
  8827 | D:8      | Reached XP level 10. HP: 6/50 MP: 20/23
  8828 | D:8      | Slain by an orc

Vault maps used:
D:1:      kb_arrival_jail, st_stairs_4
D:2:      overflow_temple_1_default, old_standard_altar, first_bread,
          makhleb_blood_cavern_becter
D:3:      kennysheep_generic_room_9
D:4:      minmay_wonky_spiral, temple_hall
D:5:      slow_altar_1, uniq_grinder, uniq_eustachio, uniq_blork_the_orc
D:6:      kennysheep_mini_moat, enter_ossuary_5, guppyfry_early_elven_hall
D:7:      nicolae_lava_and_water
D:8:      elyvilon_altar_4, xom_redecorated, serial_corexii_hall,
          corexii_hall_statues_l, corexii_hall_statues_l, serial_shops, shop,
          grunt_livestock, nicolae_gozag_cash_rules_everything_around_me,
          uniq_grum
Temple:   nicolae_temple_hex_pool
Ossuary:  ossuary_tomb_2

Skill      XL: |  1  2  3  4  5  6  7  8  9 |
---------------+----------------------------+-----
Stealth        | 3 4 5 6 7 8 |  8.2
Necromancy     | 1 2 3 4 5 6 |  6.3
Conjurations   | 2 3 4 5 6 |  6.3
Hexes          | 1 2 3 4 6 7 |  7.4
Fire Magic     | 4 5 6 7 |  7.2
Spellcasting   | 4 5 6 7 |  7.9
Evocations     | 2 |  2.9
Dodging        | |  2.4

Action                   |  1- 3 |  4- 6 |  7- 9 | 10-12 || total
-------------------------+-------+-------+-------+-------++-------
Melee: Unarmed           |     1 |     7 |       |       ||     8
       Dagger            |       |       |     6 |       ||     6
 Cast: Flame Tongue      |    57 |    75 |   254 |       ||   386
       Throw Flame       |     2 |    20 |   138 |     2 ||   162
       Confuse           |       |     2 |    11 |       ||    13
       Conjure Flame     |       |     1 |     8 |       ||     9
       Sticky Flame      |       |       |     4 |       ||     4
Evoke: Wand              |       |       |     2 |       ||     2
  Use: Potion            |       |     2 |     4 |       ||     6
       Scroll            |       |     7 |     5 |       ||    12
 Stab: Paralysed         |       |       |     1 |       ||     1
  Eat: Chunk             |     2 |     7 |    10 |       ||    19
       Meat ration       |       |       |     1 |       ||     1
Armor: Robe              |     3 |     1 |     9 |       ||    13
Dodge: Dodged            |    11 |    23 |    60 |       ||    94
